 Dungeon Crawl Stone Soup version 0.20.0-8-g6b59dc7 (webtiles) character file.

10918 shpingle the Protected (level 11, -10/68 HPs)
             Began as a Tengu Warper on May 31, 2017.
             Was a Priest of Ashenzari.
             Killed from afar by a steam dragon (16 damage)
             ... with a ball of steam
             ... on level 2 of the Lair of Beasts.
             The game lasted 01:26:52 (17065 turns).

shpingle the Protected (Tengu Warper)              Turns: 17065, Time: 01:26:53

Health: -10/68     AC: 16    Str: 12    XL:     11   Next: 69%
Magic:  13/15      EV: 16    Int: 17    God:    Ashenzari [***...]
Gold:   624        SH: 10    Dex: 20    Spells: 11/15 levels left

rFire    . . .     SeeInvis +   O - +0 hand axe (elec)
rCold    + + +     Gourm    .   K - +0 buckler
rNeg     . . .     Faith    .   M - +2 ice dragon scales "Noesyth" {rF- rC++ MR+}
rPois    +         Spirit   .   (helmet restricted)
rElec    .         Reflect  .   (no cloak)
rCorr    .         Harm     .   (no gloves)
MR       +++..                  (boots unavailable)
Stlth    ..........             (no amulet)
Regen    0.3/turn               e - ring "Coelyal" {+Blink rPois rF+ Str-2 Int+2} (curse)
MPRegen  0.2/turn               n - ring of Cakat {*Contam rC+ MR+ Dex+7}

@: flying quickly and evasively, very slightly contaminated, quick
A: beak, talons 3, large bone plates 1, molten scales 1, magic resistance 1,
able to fly 1
a: Curse Item, Scrying, Renounce Religion, Evoke Blink


You were on level 2 of the Lair of Beasts.
You worshipped Ashenzari.
Ashenzari was most pleased with you.
You were not hungry.

You visited 2 branches of the dungeon, and saw 12 of its levels.
You also visited: Labyrinth and Sewer.

You collected 624 gold pieces.

Inventory:

Hand Weapons
 b - a +2 quarterstaff of pain
 O - a +0 hand axe of electrocution (weapon)
 Y - a +4 blowgun
 Z - a +1 spear of venom
Missiles
 h - 4 steel javelins
 j - 251 stones
 y - 5 tomahawks (quivered)
 B - 26 poisoned needles
Armour
 k - a +1 plate armour
 C - a +1 robe of magic resistance
 K - a +0 buckler (worn)
 M - the +2 ice dragon scales "Noesyth" (worn) {rF- rC++ MR+}
   (You found it in a labyrinth)

   It makes you vulnerable to fire.
   It greatly protects you from cold.
   It affects your resistance to hostile enchantments.
 W - a +3 chain mail of fire resistance
Magical Staves
 s - an uncursed staff of wizardry
 v - an uncursed staff of conjuration
Jewellery
 e - the cursed ring "Coelyal" (left hand) {+Blink rPois rF+ Str-2 Int+2}
   (You found it on level 9 of the Dungeon)

   [ring of intelligence]

   It affects your strength (-2).
   It affects your intelligence (+2).
   It protects you from fire.
   It protects you from poison.
   It lets you blink.
   It has a curse placed upon it.
 n - the ring of Cakat (right hand) {*Contam rC+ MR+ Dex+7}
   (You found it in a labyrinth)

   [ring of protection from magic]

   It affects your dexterity (+7).
   It protects you from cold.
   It affects your resistance to hostile enchantments.
   It causes magical contamination when unequipped.
 q - the ring "Demael" {Fire Dex+2}
   (You found it in a labyrinth)

   [ring of fire]

   It enhances your fire magic.
   It affects your dexterity (+2).
   It protects you from fire.
   It makes you vulnerable to cold.
 J - an uncursed ring of flight
 P - an uncursed ring of positive energy
Wands
 a - a wand of iceblast (2/15)
 N - a wand of confusion (16/48)
 T - a wand of clouds (2/9)
Scrolls
 d - a scroll of blinking
 l - 2 scrolls of immolation
 r - 3 scrolls of amnesia {unknown}
 t - 2 scrolls of remove curse
 u - 3 scrolls of fog
 F - a scroll of enchant armour
 H - 5 scrolls of teleportation
 I - a scroll of noise {unknown}
 S - 2 scrolls of magic mapping
 V - a scroll of acquirement {unknown}
Potions
 o - 2 potions of invisibility
 p - a potion of heal wounds
 x - a potion of flight
 D - a potion of curing
 G - a potion of resistance
 Q - a potion of berserk rage {unknown}
 R - 2 potions of magic
 U - 2 potions of haste
 X - a potion of mutation
Books
 c - a book of Spatial Translocations

   Spells                             Type                      Level
   a - Blink                          Translocation                2
   b - Shroud of Golubria             Charms/Translocation         2
   c - Lesser Beckoning               Translocation                3
   d - Gell's Gravitas                Translocation                3
   e - Teleport Other                 Translocation                3
   f - Passage of Golubria            Translocation                4
 A - a book of Enchantments

   Spells                             Type                      Level
   a - Cause Fear                     Hexes                        4
   b - Yara's Violent Unravelling     Hexes/Transmutation          5
   c - Silence                        Hexes/Air                    5
   d - Deflect Missiles               Charms/Air                   6
   e - Discord                        Hexes                        8
 E - a book of Changes

   Spells                             Type                      Level
   a - Beastly Appendage              Transmutation                1
   b - Sticks to Snakes               Transmutation                2
   c - Spider Form                    Transmutation/Poison         3
   d - Ice Form                       Ice/Transmutation            4
   e - Blade Hands                    Transmutation                5
 L - a book of Misfortune

   Spells                             Type                      Level
   a - Confusing Touch                Hexes                        1
   b - Confuse                        Hexes                        3
   c - Gell's Gravitas                Translocation                3
   d - Petrify                        Transmutation/Earth          4
   e - Metabolic Englaciation         Hexes/Ice                    5
   f - Yara's Violent Unravelling     Hexes/Transmutation          5
Miscellaneous
 m - a crystal ball of energy
Comestibles
 f - 5 bread rations
 w - 3 meat rations
 z - a chunk of flesh


   Skills:
 + Level 8.2 Fighting
   Level 5.3 Long Blades
 + Level 8.0 Axes
 - Level 6.0 Throwing
 + Level 9.3 Armour
 + Level 7.9 Dodging
 - Level 4.0 Shields
 + Level 2.6 Spellcasting
 + Level 0.5 Charms
 + Level 2.5 Translocations
 + Level 3.6 Evocations


You had 11 spell levels left.
You knew the following spells:

 Your Spells              Type           Power        Failure   Level  Hunger
a - Blink                 Tloc           N/A          45%         2    ##.....
b - Shroud of Golubria    Chrm/Tloc      #.........   58%         2    ##.....


Dungeon Overview and Level Annotations

Branches:
Dungeon (10/15)            Temple (0/1) D:7            Lair (2/6) D:9
  Swamp: Lair:2-4    Shoals: Lair:2-4     Snake: Lair:2-4    Spider: Lair:2-4
    Orc: D:9-12

Altars:
Ashenzari
Cheibriados
Dithmenos
Fedhas
Gozag
Makhleb
Ru
Sif Muna
Xom
Zin
The Shining One

Annotations:
D:5 1 runed door
Lair:1 kimtruck's ghost, journeyman MiBe


Innate Abilities, Weirdness & Mutations

You have a beak for a mouth.
You have claws for feet.
You can fly.
You are partially covered in large bone plates. (SH +4)
You are partially covered in molten scales. (AC +2)
You are resistant to hostile enchantments. (MR+)


Message History

The steam dragon resists.
The ball of steam misses you.
A steam dragon comes into view.
Blink to where?
Press: ? - help, Dir - move target cursor You are very lightly contaminated with residual magic.
As you read the scroll of blinking, it crumbles to dust.
The fungus is engulfed in a cloud of scalding steam.
The rime drake is engulfed in a cloud of scalding steam.
The steam dragon breathes steam at you. The ball of steam hits you!
* * * LOW HITPOINT WARNING * * *
Found 17 poisoned needles.
Found a stone staircase leading down.
You take 12 damage, and have 6/68 hp.
The ice encasing you melts away.
Okay, then.
As you read the scroll of fog, it crumbles to dust.
The scroll dissolves into smoke.
The steam dragon breathes steam at you. The ball of steam hits you!
You die...

◙.....◙◙ .. , , * *
P......◙◙...◙......█
...................█
...................█ * * ,
....<.......(......█ ≈
.................>. * ≈ *
..............§..§◙ * *
P◙....█..███*█§§§§◙ * , *
◙◙......P█████.§@§◙
◙...........█..§§§◙█ *
◙......P....██§kD.§█ *
◙◙..........P█...D.█ ██
.◙.....█....██..D§◙█ ..≈
◙◙....██....█P...k§█ ....
.◙....P████.█...D.◙.{↑...
◙.......███..█....◙......
..............§.[.§.D..D.,
, ,


You could see 2 rime drakes and 4 steam dragons.

Vanquished Creatures
  A minotaur (Lab)
  2 two-headed ogres (D:8)
  An unseen horror (D:8)
  Psyche (D:10)
  2 spiny frogs (Lair:1)
  A rime drake (Lair:2)
  A troll (D:10)
  Prince Ribbit (D:9)
  2 hippogriffs
  3 wyverns
  2 hungry ghosts
  8 ice beasts
  A black bear (D:6)
  2 sky beasts
  An orc warrior (D:8)
  5 ogres
  2 phantoms
  A necrophage (D:8)
  4 centaurs
  A crocodile (Lair:1)
  14 bullfrogs
  A gnoll sergeant (D:8)
  A water moccasin skeleton (D:6)
  5 scorpions
  14 killer bees (D:8)
  A howler monkey (D:5)
  3 quasits
  2 centaur zombies
  2 crimson imps
  2 bullfrog skeletons
  6 hounds
  A jelly (D:9)
  2 orc wizards
  3 orc priests
  A centaur skeleton (D:9)
  3 iguanas
  9 worker ants
  A killer bee zombie (D:7)
  2 hound skeletons
  A mummy (D:4)
  2 worker ant zombies
  14 gnolls
  7 river rats
  24 adders
  A shadow imp (D:7)
  An ooze (Sewer)
  2 adder skeletons
  2 worms
  2 dart slugs
  5 leopard geckos
  18 orcs
  9 giant cockroaches
  5 goblins
  5 hobgoblins
  11 jackals
  9 kobolds
  6 quokkas
  13 ball pythons
  6 bats
  8 frilled lizards
  A jackal skeleton (D:5)
  2 leopard gecko zombies
  28 rats
  A plant (Lair:1)
298 creatures vanquished.

Vanquished Creatures (others)
  A steam dragon (Lair:2)
  An adder (D:2)
  A leopard gecko (D:2)
  A frilled lizard (D:2)
4 creatures vanquished.

Grand Total: 302 creatures vanquished

Notes
Turn   | Place    | Note
-------+----------+-------------------------------------------
     0 | D:1      | shpingle the Tengu Warper began the quest for the Orb.
     0 | D:1      | Reached XP level 1. HP: 12/12 MP: 4/4
   407 | D:1      | Reached XP level 2. HP: 17/17 MP: 6/6
  1173 | D:2      | Found a shimmering altar of Xom.
  1250 | D:2      | Found a shattered altar of Ashenzari.
  1524 | D:2      | Reached XP level 3. HP: 21/21 MP: 7/7
  1538 | D:2      | Reached skill level 3 in Long Blades
  1834 | D:2      | Found an opulent altar of Gozag.
  1834 | D:2      | Found a glowing silver altar of Zin.
  1962 | D:2      | Became a worshipper of Ashenzari the Shackled
  2131 | D:2      | Found a glowing golden altar of the Shining One.
  2244 | D:2      | Found a burning altar of Makhleb.
  2511 | D:3      | Reached skill level 2 in Armour
  2951 | D:3      | Reached XP level 4. HP: 26/26 MP: 8/8
  3211 | D:3      | Found a snail-covered altar of Cheibriados.
  3594 | D:4      | Gained mutation: You can fly. [Tengu growth]
  3594 | D:4      | Reached XP level 5. HP: 5/30 MP: 9/9
  4153 | D:3      | Reached skill level 3 in Armour
  4186 | D:4      | Reached XP level 6. HP: 23/35 MP: 8/10
  4566 | D:4      | Reached * piety under Ashenzari
  5013 | D:4      | Reached skill level 4 in Armour
  5765 | D:4      | Reached XP level 7. HP: 21/40 MP: 11/11
  6362 | D:4      | Found a snail-covered altar of Cheibriados.
  6912 | D:5      | Entered Level 5 of the Dungeon
  6935 | D:5      | Found a glowing drain.
  7037 | Sewer    | Entered a sewer
  7631 | Sewer    | Reached skill level 3 in Shields
  7850 | Sewer    | Reached skill level 3 in Fighting
  7851 | Sewer    | Reached skill level 5 in Armour
  7932 | D:5      | Reached XP level 8. HP: 46/46 MP: 9/12
  8226 | D:5      | Found a glowing silver altar of Zin.
  8226 | D:5      | Found a runed door.
  8226 | D:5      | Noticed an angel
  8460 | D:3      | Reached skill level 3 in Axes
  9176 | D:6      | Reached skill level 3 in Dodging
  9444 | D:6      | Reached skill level 6 in Armour
  9454 | D:6      | Reached XP level 9. HP: 23/53 MP: 13/13
  9597 | D:6      | Found a deep blue altar of Sif Muna.
 10005 | D:7      | Found a sacrificial altar of Ru.
 10275 | D:7      | Found an opulent altar of Gozag.
 10413 | D:7      | Found a staircase to the Ecumenical Temple.
 10470 | D:7      | Reached skill level 3 in Throwing
 10586 | D:7      | Reached ** piety under Ashenzari
 11274 | D:8      | Reached skill level 7 in Armour
 11450 | D:8      | Reached skill level 6 in Fighting
 11676 | D:8      | Reached XP level 10. HP: 21/60 MP: 14/14
 11696 | D:7      | HP: 3/60 [poisoned by a killer bee]
 11701 | D:7      | HP: 2/60 [poisoned by a killer bee]
 11708 | D:7      | HP: 1/60 [poisoned by a killer bee]
 11716 | D:7      | HP: 1/60 [poisoned by a killer bee]
 12020 | D:8      | Gained mutation: You are resistant to hostile enchantments. (MR+) [potion of mutation]
 12020 | D:8      | Gained mutation: You are partially covered in molten scales. (AC +2) [potion of mutation]
 12625 | D:8      | Found a shadowy altar of Dithmenos.
 12734 | D:7      | Reached skill level 6 in Axes
 13290 | D:8      | Noticed a two-headed ogre
 13299 | D:8      | Killed a two-headed ogre
 13299 | D:8      | Reached skill level 6 in Dodging
 13579 | D:8      | Reached skill level 8 in Armour
 13633 | D:8      | Noticed a two-headed ogre
 13640 | D:8      | Killed a two-headed ogre
 14053 | D:8      | Killed an unseen horror
 14237 | D:9      | Reached XP level 11. HP: 52/67 MP: 15/15
 14240 | D:9      | Gained mutation: You are partially covered in large bone plates. (SH +4) [mutagenic meat]
 14323 | D:9      | Reached skill level 6 in Throwing
 14476 | D:9      | Noticed Prince Ribbit
 14488 | D:9      | Killed Prince Ribbit
 14719 | D:9      | Found a staircase to the Lair.
 14777 | D:9      | Found a blossoming altar of Fedhas.
 14778 | D:9      | Identified the ring "Coelyal" {+Blink rPois rF+ Str-2 Int+2}
 14958 | D:9      | Reached *** piety under Ashenzari
 15204 | D:10     | Entered Level 10 of the Dungeon
 15289 | D:10     | Noticed Psyche
 15293 | D:10     | Paralysed by Psyche for 4 turns
 15308 | D:10     | Killed Psyche
 15308 | D:10     | Reached skill level 9 in Armour
 15460 | Lair:1   | Entered Level 1 of the Lair of Beasts
 15481 | Lair:1   | Noticed kimtruck's ghost (journeyman MiBe)
 15493 | Lair:1   | Found a frozen archway.
 15496 | Lair:1   | Found a labyrinth entrance.
 15502 | Lab      | Entered a labyrinth
 16016 | Lab      | Noticed a minotaur
 16027 | Lab      | Killed a minotaur
 16027 | Lab      | Reached skill level 3 in Evocations
 16043 | Lab      | Identified the ring "Demael" {Fire Dex+2}
 16043 | Lab      | Identified the ring of Cakat {*Contam rC+ MR+ Dex+7}
 16043 | Lab      | Identified the +2 ice dragon scales "Noesyth" {rF- rC++ MR+}
 16357 | Lair:1   | Learned a level 2 spell: Blink
 16360 | Lair:1   | Learned a level 2 spell: Shroud of Golubria
 17065 | Lair:2   | Killed from afar by a steam dragon

Skill      XL: |  1  2  3  4  5  6  7  8  9 10 11 |
---------------+----------------------------------+-----
Long Blades    | 3 4 5 |  5.3
Armour         | 2 3 4 5 6 7 8 9 |  9.3
Throwing       | 2 4 5 6 |  6.0
Shields        | 1 2 3 4 |  4.0
Axes           | 2 4 5 7 8 |  8.0
Fighting       | 3 4 6 7 8 |  8.2
Dodging        | 3 5 6 7 |  7.9
Evocations     | 1 3 |  3.6
Spellcasting   | |  2.6
Charms         | |  0.5
Translocations | |  2.5

Action                   |  1- 3 |  4- 6 |  7- 9 | 10-12 || total
-------------------------+-------+-------+-------+-------++-------
Melee: Falchion          |   148 |   219 |    23 |       ||   390
       Kick              |    29 |    43 |   107 |    77 ||   256
       Peck              |    19 |    31 |    70 |    41 ||   161
       Hand axe          |       |       |   445 |   367 ||   812
Throw: Stone             |   115 |    44 |   152 |    34 ||   345
       Tomahawk          |     3 |     9 |    53 |    88 ||   153
       Javelin           |     2 |     8 |     7 |    12 ||    29
       Throwing net      |       |       |       |     1 ||     1
Invok: Curse Item        |       |     1 |       |     1 ||     2
 Abil: Fly               |       |    11 |    38 |    28 ||    77
Evoke: Wand              |       |       |     1 |    13 ||    14
  Use: Scroll            |     1 |     2 |     8 |    18 ||    29
       Potion            |       |     3 |     5 |     9 ||    17
 Stab: Invisible         |       |       |     2 |     5 ||     7
       Confused          |       |       |       |     2 ||     2
  Eat: Chunk             |     6 |     9 |    24 |    16 ||    55
       Fruit             |       |     2 |     1 |       ||     3
       Meat ration       |       |       |     1 |     1 ||     2
       Royal jelly       |       |       |     1 |     2 ||     3
Armor: Leather armour    |    23 |       |       |       ||    23
       Plate armour      |    86 |   147 |   341 |   228 ||   802
       Ice dragon scales |       |       |       |     9 ||     9
Dodge: Dodged            |    48 |    42 |   127 |   136 ||   353
Block: Buckler           |       |    10 |   116 |   136 ||   262
       Rpst.: Falchion   |    11 |     7 |     1 |       ||    19
